TOP OF THE 1ST |
California State University at Fullerton Titans batting - Pitching for University of Miami Hurricanes : RHP Raymilson La Arena
|
Pitching: RHP Raymilson La Arena
|
|
Batting: LHB Steve Lane
|
0-0: Ball 1-0: Foul Ball, location: 2F 1-1: Foul Ball, location: 2F 1-2: Strikes out swinging
|
Batting: LHB Jim Snell
|
0-0: Ball 1-0: Foul Ball, location: 2F 1-1: Called Strike 1-2: Ball 2-2: Foul Ball, location: 2F 2-2: Ball 3-2: SINGLE (Line Drive, 7S, EV 88.8 MPH)
|
Batting: LHB Mike Fernandez
|
0-0: Ball Jim Snell steals 2nd base 1-0: Called Strike Jim Snell is caught stealing 3rd base 2-5 1-1: Swinging Strike 1-2: Foul Ball, location: 2F 1-2: Foul Ball, location: 2F 1-2: Strikes out swinging
|
Top of the 1st over - 0 runs, 1 hit, 0 errors, 0 left on base; California State University at Fullerton 0 - University of Miami 0 |
BOTTOM OF THE 1ST |
University of Miami Hurricanes batting - Pitching for California State University at Fullerton Titans : RHP Henry Gallegos
|
Pitching: RHP Henry Gallegos
|
|
Batting: SHB Taylor Shelton
|
0-0: Ball 1-0: Called Strike 1-1: Swinging Strike 1-2: Ball 2-2: Ball 3-2: Foul Ball, location: 2F 3-2: Foul Ball, location: 2F 3-2: Ground out U3 (Groundball, 3S, EV 81.9 MPH)
|
Batting: RHB Danny Gallardo
|
0-0: Called Strike 0-1: Ball 1-1: SINGLE (Groundball, 25, EV 78.1 MPH) (infield hit)
|
Batting: RHB Burke Miller
|
0-0: SINGLE (Groundball, 4MD, EV 96.9 MPH) Danny Gallardo to second
|
Batting: LHB Brian Woods
|
0-0: Ball Wild Pitch! Danny Gallardo to third Burke Miller to second 1-0: SINGLE (Groundball, 4MD, EV 102.5 MPH) Danny Gallardo scores Burke Miller to third
|
Batting: RHB Chris Zubia
|
0-0: Foul Ball, location: 2F 0-1: Foul Ball, location: 2F 0-2: Foul Ball, location: 2F 0-2: Strikes out swinging
|
Batting: RHB Drew Morgenstern
|
0-0: Ball 1-0: Foul Ball, location: 2F 1-1: Ball 2-1: Fielders Choice at 2nd, 6-4 (Groundball, 6, EV 77.5 MPH)
|
Bottom of the 1st over - 1 run, 3 hits, 0 errors, 2 left on base; California State University at Fullerton 0 - University of Miami 1 |
TOP OF THE 2ND |
California State University at Fullerton Titans batting - Pitching for University of Miami Hurricanes : RHP Raymilson La Arena
|
Batting: LHB Alberto Aguilar
|
0-0: Ground out 3-1 (Groundball, 34, EV 80.6 MPH)
|
Batting: RHB Justin Thomas
|
0-0: Ground out U3 (Groundball, 34S, EV 90.0 MPH)
|
Batting: SHB Eric Delikat
|
0-0: Fly out, F8 (Flyball, 89D, EV 93.8 MPH)
|
Top of the 2nd over - 0 runs, 0 hits, 0 errors, 0 left on base; California State University at Fullerton 0 - University of Miami 1 |
BOTTOM OF THE 2ND |
University of Miami Hurricanes batting - Pitching for California State University at Fullerton Titans : RHP Henry Gallegos
|
Batting: LHB Juan Zuniga
|
0-0: Ball 1-0: Fly out, F8 (Flyball, 8RXD, EV 103.1 MPH)
|
Batting: RHB Mark Kerr
|
0-0: Ball 1-0: Called Strike 1-1: Called Strike 1-2: Ball 2-2: Foul Ball, location: 2F 2-2: Ground out 5-3 (Groundball, 5, EV 98.8 MPH)
|
Batting: RHB Anderson Shumate
|
0-0: Ground out 6-3 (Groundball, 6, EV 99.4 MPH)
|
Bottom of the 2nd over - 0 runs, 0 hits, 0 errors, 0 left on base; California State University at Fullerton 0 - University of Miami 1 |
TOP OF THE 3RD |
California State University at Fullerton Titans batting - Pitching for University of Miami Hurricanes : RHP Raymilson La Arena
|
Batting: LHB John Blumberg
|
0-0: Called Strike 0-1: Ball 1-1: Called Strike 1-2: Ground out 6-3 (Groundball, 6, EV 87.5 MPH)
|
Batting: RHB Alex Freyre
|
0-0: Called Strike 0-1: Swinging Strike 0-2: Ground out 6-3 (Groundball, 6, EV 93.1 MPH)
|
Batting: RHB Takayashi Hori
|
0-0: Ball 1-0: Ball 2-0: Called Strike 2-1: Ball 3-1: Called Strike 3-2: Foul Ball, location: 2F 3-2: Strikes out swinging
|
Top of the 3rd over - 0 runs, 0 hits, 0 errors, 0 left on base; California State University at Fullerton 0 - University of Miami 1 |
BOTTOM OF THE 3RD |
University of Miami Hurricanes batting - Pitching for California State University at Fullerton Titans : RHP Henry Gallegos
|
Batting: SHB Taylor Shelton
|
0-0: Ball 1-0: Called Strike 1-1: Called Strike 1-2: Foul Ball, location: 2F 1-2: Foul Ball, location: 2F 1-2: Ball 2-2: Ball 3-2: Foul Ball, location: 2F 3-2: Base on Balls
|
Batting: RHB Danny Gallardo
|
0-0: Called Strike 0-1: Foul Ball, location: 2F 0-2: Fielders Choice at 2nd, 4-6 (Groundball, 34, EV 83.8 MPH)
|
Batting: RHB Burke Miller
|
0-0: Foul Ball, location: 2F 0-1: Swinging Strike 0-2: Fly out, F4 (Popup, 4, EV 68.1 MPH)
|
Pitching: RHP Mario Viera
|
|
Batting: LHB Brian Woods
|
0-0: Ball 1-0: Ball Danny Gallardo is caught stealing 2nd base 2-6
|
Bottom of the 3rd over - 0 runs, 0 hits, 0 errors, 0 left on base; California State University at Fullerton 0 - University of Miami 1 |
TOP OF THE 4TH |
California State University at Fullerton Titans batting - Pitching for University of Miami Hurricanes : RHP Raymilson La Arena
|
Batting: LHB Steve Lane
|
0-0: Called Strike 0-1: Foul Ball, location: 2F 0-2: SINGLE (Groundball, 4MD, EV 102.5 MPH)
|
Batting: LHB Jim Snell
|
0-0: Foul Ball, location: 2F 0-1: Ball 1-1: Ground out 4-3 (Groundball, 34S, EV 82.5 MPH) Steve Lane to second
|
Batting: LHB Mike Fernandez
|
0-0: Ball 1-0: Called Strike 1-1: Ball 2-1: Called Strike 2-2: Strikes out swinging
|
Batting: LHB Alberto Aguilar
|
0-0: Ball 1-0: Swinging Strike 1-1: Called Strike 1-2: Strikes out swinging
|
Top of the 4th over - 0 runs, 1 hit, 0 errors, 1 left on base; California State University at Fullerton 0 - University of Miami 1 |
BOTTOM OF THE 4TH |
University of Miami Hurricanes batting - Pitching for California State University at Fullerton Titans : RHP Mario Viera
|
Batting: LHB Brian Woods
|
0-0: Ball 1-0: Ball 2-0: SOLO HOME RUN (Flyball, 9D, EV 94.4 MPH), Distance : 376 ft
|
Batting: RHB Chris Zubia
|
0-0: Called Strike 0-1: Ball 1-1: Ball 2-1: Ball 3-1: Foul Ball, location: 2F 3-2: Ground out 3-1 (Groundball, 34, EV 85.6 MPH)
|
Batting: RHB Drew Morgenstern
|
0-0: Called Strike 0-1: Ground out 4-3 (Groundball, 4, EV 103.1 MPH)
|
Batting: LHB Juan Zuniga
|
0-0: Swinging Strike 0-1: DOUBLE (Line Drive, 78D, EV 104.4 MPH)
|
Batting: RHB Mark Kerr
|
0-0: Ball 1-0: Called Strike 1-1: Swinging Strike 1-2: Fly out, F8 (Flyball, 78M, EV 85.0 MPH)
|
Bottom of the 4th over - 1 run, 2 hits, 0 errors, 1 left on base; California State University at Fullerton 0 - University of Miami 2 |
TOP OF THE 5TH |
California State University at Fullerton Titans batting - Pitching for University of Miami Hurricanes : RHP Raymilson La Arena
|
Batting: RHB Justin Thomas
|
0-0: Called Strike 0-1: Ball 1-1: Foul Ball, location: 2F 1-2: Foul Ball, location: 2F 1-2: Ground out 1-3 (Groundball, 15S, EV 71.9 MPH)
|
Batting: SHB Eric Delikat
|
0-0: Swinging Strike 0-1: Ball 1-1: Ball 2-1: Swinging Strike 2-2: Strikes out looking
|
Batting: LHB John Blumberg
|
0-0: Ball 1-0: Called Strike 1-1: Foul Ball, location: 2F 1-2: Strikes out swinging
|
Top of the 5th over - 0 runs, 0 hits, 0 errors, 0 left on base; California State University at Fullerton 0 - University of Miami 2 |
BOTTOM OF THE 5TH |
University of Miami Hurricanes batting - Pitching for California State University at Fullerton Titans : RHP Mario Viera
|
Batting: RHB Anderson Shumate
|
0-0: Called Strike 0-1: Ball 1-1: Ball 2-1: Called Strike 2-2: Foul Ball, location: 2F 2-2: Fly out, F8 (Flyball, 8LM, EV 86.9 MPH)
|
Batting: SHB Taylor Shelton
|
0-0: Ball 1-0: Ball 2-0: Ball 3-0: Base on Balls
|
Batting: RHB Danny Gallardo
|
0-0: Grounds into double play, 6-4-3 (Groundball, 6, EV 104.4 MPH)
|
Bottom of the 5th over - 0 runs, 0 hits, 0 errors, 0 left on base; California State University at Fullerton 0 - University of Miami 2 |
TOP OF THE 6TH |
California State University at Fullerton Titans batting - Pitching for University of Miami Hurricanes : RHP Raymilson La Arena
|
Batting: RHB Alex Freyre
|
0-0: Ball 1-0: Swinging Strike 1-1: Ball 2-1: Swinging Strike 2-2: Strikes out swinging
|
Batting: RHB Takayashi Hori
|
0-0: Ball 1-0: Called Strike 1-1: Called Strike 1-2: Strikes out looking
|
Batting: LHB Steve Lane
|
0-0: Ball 1-0: Called Strike 1-1: Ball 2-1: Foul Ball, location: 2F 2-2: Strikes out looking
|
Top of the 6th over - 0 runs, 0 hits, 0 errors, 0 left on base; California State University at Fullerton 0 - University of Miami 2 |
BOTTOM OF THE 6TH |
University of Miami Hurricanes batting - Pitching for California State University at Fullerton Titans : RHP Mario Viera
|
Batting: RHB Burke Miller
|
0-0: Called Strike 0-1: Ground out 4-3 (Groundball, 4, EV 86.2 MPH)
|
Batting: LHB Brian Woods
|
0-0: Ball 1-0: Called Strike 1-1: Called Strike 1-2: Foul Ball, location: 2F 1-2: Foul Ball, location: 2F 1-2: Ground out 4-3 (Groundball, 4, EV 85.6 MPH)
|
Batting: RHB Chris Zubia
|
0-0: Called Strike 0-1: Foul Ball, location: 2F 0-2: Ball 1-2: Ball 2-2: Strikes out swinging
|
Bottom of the 6th over - 0 runs, 0 hits, 0 errors, 0 left on base; California State University at Fullerton 0 - University of Miami 2 |
TOP OF THE 7TH |
California State University at Fullerton Titans batting - Pitching for University of Miami Hurricanes : RHP Raymilson La Arena
|
Pitching: LHP Ryan Hosken
|
|
Batting: LHB Jim Snell
|
0-0: Swinging Strike 0-1: Ball 1-1: Ball 2-1: Foul Ball, location: 2F 2-2: Strikes out swinging
|
Batting: LHB Mike Fernandez
|
0-0: Foul Ball, location: 2F 0-1: Called Strike 0-2: Ball 1-2: Strikes out swinging
|
Batting: LHB Alberto Aguilar
|
0-0: Ball 1-0: Ground out U3 (Groundball, 3, EV 90.0 MPH)
|
Top of the 7th over - 0 runs, 0 hits, 0 errors, 0 left on base; California State University at Fullerton 0 - University of Miami 2 |
BOTTOM OF THE 7TH |
University of Miami Hurricanes batting - Pitching for California State University at Fullerton Titans : RHP Mario Viera
|
Pitching: RHP Jorge Garza
|
|
Batting: RHB Drew Morgenstern
|
0-0: Ball 1-0: Ball 2-0: Ball 3-0: Called Strike 3-1: Fly out, F4 (Line Drive, 4D, EV 65.6 MPH)
|
Batting: LHB Juan Zuniga
|
0-0: Called Strike 0-1: Ball 1-1: Foul Ball, location: 2F 1-2: Strikes out swinging
|
Batting: RHB Mark Kerr
|
0-0: Foul Ball, location: 2F 0-1: Ball 1-1: Ground out 5-3 (Groundball, 56S, EV 83.1 MPH)
|
Bottom of the 7th over - 0 runs, 0 hits, 0 errors, 0 left on base; California State University at Fullerton 0 - University of Miami 2 |
TOP OF THE 8TH |
California State University at Fullerton Titans batting - Pitching for University of Miami Hurricanes : LHP Ryan Hosken
|
Pitching: RHP Matt Pepin
|
|
Batting: RHB Justin Thomas
|
0-0: Ball 1-0: Ball 2-0: Reached on error, E5 (Groundball, 56, EV 91.2 MPH)
|
Batting: SHB Eric Delikat
|
0-0: Ball 1-0: Called Strike 1-1: Swinging Strike 1-2: Strikes out swinging
|
Batting: LHB John Blumberg
|
0-0: Called Strike 0-1: Ball 1-1: Ball 2-1: Ball 3-1: Foul Ball, location: 2F 3-2: Strikes out swinging
|
Batting: RHB Alex Freyre
|
0-0: Ball 1-0: Reached on error, E3 (Groundball, 34S, EV 90.0 MPH) Justin Thomas to second
|
Pitching: RHP Kieran Jesso
|
|
Batting: RHB Takayashi Hori
|
0-0: Ball 1-0: Fly out, F9 (Flyball, 9LMF, EV 82.5 MPH)
|
Top of the 8th over - 0 runs, 0 hits, 2 errors, 2 left on base; California State University at Fullerton 0 - University of Miami 2 |
BOTTOM OF THE 8TH |
University of Miami Hurricanes batting - Pitching for California State University at Fullerton Titans : RHP Jorge Garza
|
Batting: RHB Anderson Shumate
|
0-0: Foul Ball, location: 2F 0-1: Ball 1-1: Ball 2-1: Ball 3-1: Base on Balls
|
Batting: SHB Taylor Shelton
|
0-0: Bunted foul 0-1: Bunt missed! 0-2: Foul Ball, location: 2F 0-2: Ball 1-2: Ball 2-2: Foul Ball, location: 2F 2-2: Fielders Choice at 2nd, 4-6 (Groundball, 34, EV 89.4 MPH)
|
Batting: RHB Danny Gallardo
|
0-0: Ball Taylor Shelton steals 2nd base 1-0: Ball 2-0: Foul Ball, location: 2F 2-1: Foul Ball, location: 2F 2-2: Foul Ball, location: 2F 2-2: Foul Ball, location: 2F 2-2: Ball 3-2: Ground out 6-3 (Groundball, 6D, EV 106.2 MPH)
|
Pitching: RHP Jaime Zapata
|
|
Batting: RHB Burke Miller
|
0-0: Ball 1-0: Ball 2-0: SINGLE (Line Drive, 9LS, EV 87.5 MPH) Taylor Shelton to third Runner from 3rd tries for Home, SAFE, throw by RF to home
|
Batting: LHB Brian Woods
|
0-0: Foul Ball, location: 2F 0-1: Ground out 4-3 (Groundball, 4, EV 81.2 MPH)
|
Bottom of the 8th over - 1 run, 1 hit, 0 errors, 1 left on base; California State University at Fullerton 0 - University of Miami 3 |
TOP OF THE 9TH |
California State University at Fullerton Titans batting - Pitching for University of Miami Hurricanes : RHP Kieran Jesso
|
Pitching: RHP Gerald Heemskerk
|
|
Batting: LHB Steve Lane
|
0-0: Foul Ball, location: 2F 0-1: Ball 1-1: Called Strike 1-2: Strikes out swinging
|
Batting: LHB Jim Snell
|
0-0: Called Strike 0-1: Foul Ball, location: 2F 0-2: Strikes out swinging
|
Batting: LHB Mike Fernandez
|
0-0: Foul Ball, location: 2F 0-1: Ball 1-1: Ball 2-1: Ball 3-1: Swinging Strike 3-2: Strikes out looking
|
Top of the 9th over - 0 runs, 0 hits, 0 errors, 0 left on base; California State University at Fullerton 0 - University of Miami 3 |
|